Unix NetHack Version 5.0.0-0 post-release - last build Jun 10 2026 00:39:30 (3ee93aec679c4c4259841fe613dc97188e26a321,branch:main).

Game began 2026-07-02 18:56:34, ended 2026-07-06 18:16:29.

HenriqueII, lawful male human Archeologist

}}}}}}}}}}}}}}}}}}}}}}}}}}}}}}}}}}}}}}}}}}}}}}---}}}}}}----}}}}}}}}--}|}}-}|}}}
}}}}}}}}}}}}}}}}}}}}}}}}}}}}}}}}}}}}}}}}.-}-.--.}c}}}}--.O}}}}}}}}}|..|}}..|}}}
}}}}}}}}}}}}----/---}}}-}|}}}}}}}}}}}}}}}...%..}..--}}|.$.-----}}---...|.....}}
}}}.-}}}}}}--...%.*......---}}}}}}}}}}}}|....|...%.'}}|.)...}.--}|..........-}}
}}|..|}}}}}}....*-}##-.....|}}}}}}}}}}}}|..--|%/|.-}}}--.......|}|..|.|....&.-}
}--..|}}}}--//.....#}}-..|.|}}}}}}}}}}}}|..----.|-}}}}}.d.)./.-}}}|}|}|-.....}|
|.....--}}|..%.....---}--|.|}}}}}}}}|}----.}....|}}}}--.$......}}---}}|.%.....|
|......}-.}.......}..}}}}|.|}}}}}}}}|..###..}|.--}}}}...$dt..}|}...|}}}....}.-}
}........|.^.%.|.....|}}}}.---}}}}}}|.))--..)|}}}}}}}}....$-.}|-...--.~...|...}
}|....^........|}--^--}}}|..}.----}--....}%...}}}---}}<.|.}}..|}.}...@...---.|}
}|.|..........|}}}--}}}}}|.......|}|^.^).b}|..}}}|..$..--.|.|..}.........--..|}
}}}|...}......|}}}}}}}}}}|..).--).^...--...#.|}|...-}---}.|}|............[...|}
}--..-.}........}}}}}}}}}|..^.|---##..|}-.-|.|}|.--}}}}}-.|}.}$|............--}
}}...}-}.}.|}.-.}}}}}}}}}...-.|}}}}.c.}}}}}|.}.|.|}}}}}}}.}.}}}|..........---}}
}-...}}....|...}--}}}}}}|...}..}}}}.}--}}}}}.[.|..}}}}}}|x-.--}--.&....$.--}}}}
}}-.--.....}.....--}}}}}--.-}%.}}}}}}}}}}}}}--.|.*}}}}}}|....|}}|.}.}.^.-}}}}}}
}}}}}--...........|}}}}}}}}}-.}}|}}}}}}}}}}}}|.|.|}}}}|.}..-..}}--...b...|}}}}}
}}}}}}---.....|..}|}}}}}}}}}....--}}}}}}}}}}}|...|}}}}|..*-.--}}}}-}|^..}|}}}}}
}}}}}}}}}}.-.---}}}}}}}}}}}}.....|}}}}}}}}}}}|}..|}}}}--.-}}}}}}}}}}|..|.}}}}}}
}}}}}}}}}}}}}|}}}}}}}}}}}}}}---}--}}}}}}}}}}}}--}}}}}}}|.}}}}}}}}}}}--}|}}}}}}}
}}}}}}}}}}}}}}}}}}}}}}}}}}}}}}}}}}}}}}}}}}}}}}}}}}}}}}}}}}}}}}}}}}}}}}}}}}}}}}}
HenriqueII the Spelunker   St:18/61 Dx:22 Co:17 In:22 Wi:22 Ch:16  Lawful
Dlvl:49 $:0  HP:0(247) Pw:179(179) AC:-36 Xp:21 T:51712  Satiated Burdened

Latest messages:
 You kill the red dragon!
 The potion of speed heats up as it hits the hot ground.
 The pit fiend picks up a set of red dragon scales.
 You hit the pit fiend!
 Your silver Grayswandir sears the pit fiend's flesh!
 You hit the pit fiend!
 Your silver saber sears the pit fiend's flesh!
 Your silver Grayswandir sears the pit fiend's flesh!
 You kill the pit fiend!
 You have a little trouble lifting N - a potion of speed.
 There is a red dragon corpse here; eat it? [ynq] (n) y
 This red dragon corpse is fatty.
 You're having a hard time getting all of it down.
 You're finally finished.
 You see here a statue of a sandestin.
 You see here a statue of a sandestin.
 You hit the warg!
 You hit the warg!
 You kill the warg!
 The fire elemental misses!
 The fire elemental misses!
 You hit the fire elemental!
 You feel mildly warm.
 You hit the fire elemental!
 You feel mildly warm.
 You hit the fire elemental!
 You feel mildly warm.
 You kill the fire elemental!
 You see here a set of red dragon scales.
 You see here a set of red dragon scales.
 You find a vibrating square.
 You feel a strange vibration under your feet.
 You feel a strange vibration under your feet.
 What do you want to zap? [qzDJ or ?*] z
 A lit field surrounds you!
 You kill the scorpion!
 What do you want to use or apply? [biklpqt-vzBDJST or ?*] B
 You put 3 scrolls of create monster into the bag of holding.
 You put a scroll of teleportation into the bag of holding.
 You put a potion of speed into the bag of holding.
 What do you want to eat? [fHK or ?*] K
 The tin seems easy to open.
 You succeed in opening the tin.
 It smells like hill giants.
 Eat it? [yn] (n) y
 You consume homemade hill giant.
 You feel very strong!
 You choke over it.
 You die...
 Do you want your possessions identified? [ynq] (y) q

Inventory:
 Amulets  ('"')
  Y - an uncursed amulet of flying
  y - an uncursed amulet of reflection (being worn)
 Weapons  (')')
  A - the blessed +6 Grayswandir (wielded in right hand)
  a - a blessed +7 silver saber (wielded in left hand)
 Armor    ('[')
  h - an uncursed tempered +4 helm of brilliance (being worn)
  g - a blessed fireproof +4 pair of gauntlets of dexterity (being worn)
  s - a blessed fireproof +4 pair of speed boots (being worn)
  w - a blessed fireproof +1 pair of water walking boots
  e - a blessed fireproof +4 cloak of displacement (being worn)
  c - a blessed +4 Hawaiian shirt with a sea turtle motif (being worn)
  d - a blessed rotproof +4 gray dragon scale mail (being worn)
 Comestibles  ('%')
  H - 3 uncursed C-rations
  f - 2 uncursed K-rations
 Rings    ('=')
  C - an uncursed ring of conflict (on left hand)
  F - an uncursed ring of free action (on right hand)
 Wands    ('/')
  J - a cursed wand of enlightenment (0:15)
  z - a cursed wand of light (0:11)
  D - a wand of striking (0:4)
  q - a wand of teleportation (0:8)
 Tools    ('(')
  B - a blessed greased bag of holding containing 90 items
  S - an uncursed sack named *** DANGER CANCELLATION *** containing 1 item
  l - the Bell of Opening (0:3)
  b - an uncursed blindfold
  v - the uncursed Candelabrum of Invocation (0 of 7 candles attached)
  i - the blessed Orb of Detection (0:5)
  p - a greased rustproof +7 pick-axe
  k - an uncursed skeleton key
  T - a blessed tinning kit (0:9)
  u - a blessed +0 unicorn horn
 Gems/Stones  ('*')
  L - an uncursed black opal
  n - an uncursed fluorite stone
  j - a blessed luckstone
  t - an uncursed touchstone

Contents of the bag of holding:
  an uncursed amulet of life saving
  an uncursed amulet of magical breathing
  an uncursed amulet of reflection
  an uncursed +0 elven leather helm
  an uncursed +0 shield of reflection
  an uncursed burnt +1 cloak of displacement
  an uncursed +3 cloak of magic resistance
  an uncursed +0 Hawaiian shirt with a hula dancer motif
  an uncursed +0 set of silver dragon scales
  12 uncursed K-rations
  2 uncursed lembas wafers
  a blessed scroll of amnesia
  5 blessed scrolls of blank paper
  a cursed scroll of blank paper
  a blessed scroll of charging
  3 blessed scrolls of confuse monster
  5 uncursed scrolls of create monster
  a blessed scroll of earth
  2 blessed scrolls of enchant weapon
  2 uncursed scrolls of enchant weapon
  a blessed scroll of genocide
  an uncursed scroll of genocide
  4 blessed scrolls of gold detection
  an uncursed scroll of identify
  10 blessed scrolls of remove curse
  an uncursed scroll of remove curse
  a blessed scroll of taming
  2 uncursed scrolls of teleportation
  a cursed scroll of teleportation
  an uncursed spellbook of cancellation
  an uncursed spellbook of detect unseen
  an uncursed spellbook of extra healing
  an uncursed spellbook of haste self
  an uncursed spellbook of identify
  an uncursed spellbook of light
  an uncursed spellbook of magic mapping
  an uncursed greased spellbook of remove curse
  an uncursed spellbook of restore ability
  an uncursed spellbook of teleport away
  2 uncursed potions of extra healing
  a cursed potion of extra healing
  3 uncursed potions of fruit juice
  2 uncursed potions of gain ability
  an uncursed potion of gain energy
  a blessed potion of paralysis
  a blessed potion of speed
  3 uncursed potions of speed
  8 potions of holy water
  an uncursed ring of conflict
  an uncursed ring of levitation
  an uncursed ring of regeneration
  an uncursed ring of slow digestion
  an uncursed ring of teleport control
  a wand of death (0:8)
  a wand of death (0:6)
  a wand of light (0:6)
  a wand of polymorph (3:6)
  a wand of polymorph (0:4)
  a wand of polymorph (0:4)
  a wand of speed monster (0:6)
  a wand of stasis (0:4)
  a wand of teleportation (0:7)
  a wand of wishing (1:1)
  a wand of wishing (0:1)
  4 uncursed tallow candles
  4 uncursed wax candles
  a can of grease (0:3)
  a magic marker (0:51)
  a magic marker (0:46)
  an uncursed towel
  a cursed +0 unicorn horn
  6 uncursed amber stones
  11 uncursed amethyst stones
  5 uncursed black opals
  2 uncursed chrysoberyl stones
  2 uncursed citrine stones
  13 uncursed diamonds
  21 uncursed emeralds
  6 uncursed fluorite stones
  4 uncursed garnet stones
  3 uncursed jacinth stones
  2 uncursed jade stones
  an uncursed jasper stone
  3 uncursed obsidian stones
  4 uncursed opals
  18 uncursed rubies
  3 uncursed sapphires
  3 uncursed topaz stones
  2 uncursed turquoise stones
  an uncursed luckstone

Contents of the sack named *** DANGER CANCELLATION ***:
  a wand of cancellation (0:6)

HenriqueII the Archeologist's attributes:

Background:
 You were a Spelunker, a level 21 male human Archeologist.
 You were lawful, on a mission for Quetzalcoatl
 who was opposed by Camaxtli (neutral) and Huhetotl (chaotic).
 You were right-handed.
 You were in Gehennom, on level 49.
 You entered the dungeon 51712 turns ago.
 You had 10017047 experience points, 9982953 more were needed for level 22.

Basics:
 You had 0 out of 247 hit points.
 You had all 179 energy points (spell power).
 Your armor class was -36.
 Your wallet was empty.
 Autopickup was on for '"?!=/' plus thrown, with exceptions.

Final Characteristics:
 Your strength was 18/61 (limit:18/100).
 Your dexterity was 22 (base:18, innate limit:18).
 Your constitution was 17 (peak:18, limit:18).
 Your intelligence was 22 (base:18, innate limit:18).
 Your wisdom was 22 (base:18, innate limit:18).
 Your charisma was 16 (limit:18).

Final Status:
 You were satiated.
 You were burdened; movement was slightly slowed.
 You were wielding two weapons at once.
 Your skill in saber was limited by being basic with two weapons.

Final Attributes:
 You were the Hand of Elbereth.
 You were piously aligned.
 You were magic-protected.
 You were fire resistant.
 You were cold resistant.
 You were sleep resistant.
 You were disintegration resistant.
 You were shock resistant.
 You were poison resistant.
 You resisted hallucinations.
 You saw invisible.
 You were telepathic.
 You had automatic searching.
 You were invisible to others.
 You were displaced.
 You were stealthy.
 You caused conflict.
 You had a moderate defense bonus (+9).
 You were warded.
 You took half spell damage.
 You were very fast.
 You had reflection.
 You had free action.
 You were extremely lucky.
 You had extra luck.
 Good luck did not time out for you.
 You are dead.

Miscellaneous:
 You encountered 2 bones levels.
 Total elapsed playing time was 11 hours, 2 minutes and 39 seconds.

Major events:
 Turn
    1: HenriqueII the lawful male human Archeologist entered the dungeon
  864: entered the Gnomish Mines
 1192: attained the rank of Field Worker (level 3)
 5207: made his first wish - "blessed greased fixed +2 Grayswandir", got "a greased silver saber named Grayswandir"
 6114: attained the rank of Investigator (level 6)
 9933: reached Mine Town
13558: acquired the Mines' End luckstone
16266: entered Sokoban
16302: attained the rank of Exhumer (level 10)
19592: wished for "blessed greased fixed +2 gray dragon scale mail", got "a greased gray dragon scale mail"
22926: entered Home 1, the Quest
25840: was bestowed with Sunsword by Quetzalcoatl
27766: found Fire Brand
29098: found Werebane on the floor
29099: found Ogresmasher
29099: found Trollsbane
29248: wished for "blessed magic marker", got "a magic marker"
29901: performed his first genocide (class h)
29902: genocided class L
33130: killed Croesus
33912: attained the rank of Excavator (level 14)
34804: Lord Carnarvon has granted access to proceed deeper into the quest
34897: entered Home 2, the Quest
35262: entered Home 3, the Quest
35884: entered Home 4, the Quest
36175: entered Home 5, the Quest
36668: was bestowed with Frost Brand by Quetzalcoatl
36855: entered Home 6, the Quest
36860: killed the Minion of Huhetotl
36861: found the Orb of Detection on the floor
36862: acquired the Bell of Opening
38967: killed Medusa
40409: entered Gehennom
41410: genocided class R
41505: attained the rank of Spelunker (level 18)
41715: just blew up his bag of holding
41760: wished for "blessed greased fixed bag of holding", got "a greased bag of holding"
43311: was crowned "The Hand of Elbereth" by Quetzalcoatl
44485: killed Asmodeus
44681: killed Juiblex
45871: killed Baalzebub
46316: found Demonbane carried by a monster
46711: destroyed Vlad the Impaler
46712: acquired the Candelabrum of Invocation
48615: genocided class P
48615: genocided class T
48632: genocided class ;
48706: killed Orcus
51712: choked on a quick snack

Spells:
 Name                 Level Category     Fail Retention
 detect monsters        1   divination     0%    (gone)
 magic missile          2   attack         0%    (gone)
 haste self             3   escape         0%    (gone)
 detect food            2   divination     0%    (gone)
 healing                1   healing        0%   61%-70%
 detect unseen          3   divination     0%    (gone)
 confuse monster        1   enchantment    0%    (gone)
 magic mapping          5   divination     0%   91%-92%
 remove curse           3   clerical       0%  76%-100%
 stone to flesh         3   healing        0%    (gone)
 cancellation           7   matter       100%    (gone)
 restore ability        4   healing        0%   11%-20%
 identify               3   divination     0%   17%-18%
 extra healing          3   healing        0%   21%-30%
 teleport away          6   escape        97%   51%-75%
 finger of death        7   attack       100%   51%-75%
 light                  1   divination     0%   75%-76%
 knock                  1   matter         0%  76%-100%

Skills:
 Fighting Skills
   bare handed combat [Unskilled]
   two weapon combat  [Basic]
   riding             [Unskilled]
 Weapon Skills
   dagger             [Unskilled]
   knife              [Unskilled]
   pick-axe           [Skilled]
   short sword        [Unskilled]
   long sword         [Unskilled]
   saber              [Expert]
   club               [Unskilled]
   quarterstaff       [Unskilled]
   sling              [Unskilled]
   dart               [Unskilled]
   boomerang          [Unskilled]
   whip               [Basic]
   unicorn horn       [Unskilled]
 Spellcasting Skills
   attack spells      [Unskilled]
   healing spells     [Basic]
   divination spells  [Expert]
   matter spells      [Unskilled]

Voluntary challenges:
 Character rerolling was not enabled.
 You genocided 28 types of monsters.
 You never changed form.
 You used 4 wishes (1 for an artifact).
 You did not violate any of the special Sokoban rules.
Achievements:
 You entered the Gnomish Mines.
 You attained the rank of Field Worker.
 You entered a shop.
 You attained the rank of Investigator.
 You entered Minetown.
 You entered a temple.
 You completed the Gnomish Mines.
 You entered Sokoban.
 You attained the rank of Exhumer.
 You attained the rank of Excavator.
 You had the Bell of Opening.
 You defeated Medusa.
 You entered Gehennom.
 You attained the rank of Spelunker.
 You had the Candelabrum of Invocation.

 The Dungeons of Doom: levels 1 to 29
    Level 1:
       A fountain, a grave.
    Level 2:
       Stairs down to The Gnomish Mines.
    Level 3:
    Level 4:
       A general store, an altar, some fountains, a sink.
    Level 5:
       A fountain.
    Level 6:
       A general store.
    Level 7:
       Many fountains.
       Oracle of Delphi.
    Level 8:
       Stairs up to Sokoban, level 7.
    Level 9:
       A potion shop.
    Level 10:
    Level 11:
       An altar to Quetzalcoatl.
    Level 12:
       Many fountains.
    Level 13:
       A fountain.
       Portal to The Quest.
    Level 14:
       A grave.
    Level 15:
       A primitive area.
    Level 16:
    Level 17:
       A fountain.
    Level 18:
       Portal to Fort Ludios.
    Level 19:
    Level 20:
       Some fountains, many trees.
    Level 21:
       A temple and an altar to Quetzalcoatl, a fountain.
    Level 22:
       A fountain.
       Final resting place for
          v4friend-Mon-Hum-Fem-Cha, killed by an Olog-hai.
    Level 23:
       Some fountains.
       Final resting place for
          levoittiel-Rog-Orc-Mal-Cha, drowned in a pool of water by a giant eel.
    Level 24:
       A fountain, a grave.
    Level 25:
       Some fountains.
    Level 26:
       Many trees.
    Level 27:
    Level 28:
    Level 29:
       A fountain.
       The castle.
       Connection to Gehennom.
 Gehennom: levels 30 to 49
    Level 30:
       A temple and an altar, many graves.
       Valley of the Dead.
    Level 31:
    Level 32:
    Level 33:
    Level 34:
       A fountain.
    Level 35:
    Level 36:
    Level 37:
    Level 38:
    Level 39:
       Stairs up to Vlad's Tower, level 38.
    Level 40:
    Level 41:
       Some shops, an altar, many graves.
    Level 42:
    Level 43:
    Level 44:
    Level 45:
    Level 46:
    Level 47:
    Level 48:
    Level 49: <- You were here.
       Gateway to Moloch's Sanctum.
       Final resting place for
          you, choked on a quick snack.
 The Gnomish Mines: levels 3 to 11
    Level 3:
    Level 4:
    Level 5:
    Level 6:
       Many shops, a temple and an altar, many fountains.
    Level 7:
    Level 8:
    Level 9:
    Level 10:
    Level 11:
       Some fountains.
 The Quest: levels 1 to 6
    Level 1:
       A throne.
       Completed quest for Lord Carnarvon.
    Level 2:
    Level 3:
       Many temples and many altars.
    Level 4:
    Level 5:
    Level 6:
       A temple and an altar.
 Sokoban:
    Level 7:
       Unsolved.
 Fort Ludios:
    Level 1:
       A throne.
 Vlad's Tower: levels 38 up to 36
    Level 36:
    Level 37:
    Level 38:


Vanquished creatures:
    Asmodeus
    Baalzebub
    Orcus
    Juiblex
    Vlad the Impaler
    Medusa
    Croesus
  4 iron golems
  2 storm giants
  3 glass golems
  3 balrogs
the Minion of Huhetotl
  5 purple worms
  3 gray dragons
  2 gold dragons
  2 silver dragons
  8 red dragons
  2 white dragons
  6 orange dragons
  2 black dragons
  2 blue dragons
  4 green dragons
  a yellow dragon
 19 minotaurs
  2 jabberwocks
  4 baluchitheria
  7 stone golems
  8 Olog-hai
  7 pit fiends
  a sandestin
  2 displacer beasts
  6 titanotheres
  2 trappers
  3 baby red dragons
  a baby white dragon
  a guardian naga
  2 genetic engineers
  2 disenchanters
 25 vampire leaders
  7 skeletons
  7 captains
  6 shades
  a clay golem
  4 nurses
  4 ice devils
  7 nalfeshnees
  2 lurkers above
 an Aleax
  3 frost giants
 an ettin
  a golden naga
  4 black puddings
 20 vampires
 10 lieutenants
 21 ghosts
  2 winged gargoyles
  8 giant mimics
  6 long worms
  2 zruties
  a fire giant
  3 ogre tyrants
  4 ice trolls
  4 rock trolls
  2 umber hulks
  7 flesh golems
 an elven monarch
  2 doppelgangers
  3 erinyes
 16 hezrous
  9 bone devils
 10 large mimics
  4 wumpuses
  7 fire vortices
  9 stalkers
  3 air elementals
  7 fire elementals
  3 earth elementals
  4 hill giants
  a giant mummy
  6 xorns
 15 giant zombies
  3 elf-nobles
 18 sergeants
  2 water demons
  a barbed devil
  9 vrocks
  6 salamanders
  6 wargs
  2 winter wolves
  9 hell hound pups
 13 small mimics
  2 glass piercers
  7 warhorses
  8 steam vortices
  7 xans
  7 ettin mummies
  6 ogre leaders
  9 quantum mechanics
 25 trolls
  2 wood golems
 12 mariliths
  4 sharks
 11 gelatinous cubes
  3 pyrolisks
  2 large dogs
  7 freezing spheres
  9 flaming spheres
  8 shocking spheres
  4 large cats
  5 tigers
  7 gargoyles
  a dwarf ruler
  2 tengu
  6 ochre jellies
  5 leocrottas
  6 energy vortices
  4 mountain centaurs
  a stone giant
  6 elf mummies
 24 human mummies
  6 red nagas
  a green slime
 14 pythons
  8 pit vipers
  4 cobras
 42 wraiths
  4 carnivorous apes
 17 ettin zombies
  4 leather golems
  5 Grey-elves
120 soldiers
  8 amorous demons
  4 horned devils
  6 chameleons
  6 crocodiles
  3 giant beetles
  4 quivering blobs
  9 cockatrices
 13 wolves
  5 winter wolf cubs
  4 lynxes
  4 panthers
  4 gremlins
  3 spotted jellies
 24 leprechauns
  3 orc-captains
  7 iron piercers
  4 mumakil
 11 giant spiders
  3 scorpions
  9 horses
  4 ice vortices
 11 black lights
  6 vampire bats
 11 forest centaurs
  6 gnome rulers
  8 orc mummies
  8 dwarf mummies
  4 ogres
  7 brown puddings
  9 rust monsters
  9 owlbears
  7 yetis
  2 gold golems
  5 werewolves
  6 Green-elves
  a piranha
 19 giant eels
 18 lizards
  4 students
  2 chickatrices
  6 dingoes
  4 dogs
  a housecat
  5 jaguars
  3 blue jellies
  a white unicorn
  4 gray unicorns
  a black unicorn
  2 dust vortices
 32 ravens
  4 plains centaurs
  4 gnome mummies
 59 snakes
  5 water moccasins
  2 apes
 13 human zombies
  3 rope golems
 14 Woodland-elves
 13 soldier ants
  2 fire ants
  6 bugbears
  4 imps
  3 lemures
  6 quasits
 11 wood nymphs
  9 water nymphs
  4 mountain nymphs
  6 Mordor orcs
 11 Uruk-hai
  7 orc shamans
  5 rock piercers
  6 rock moles
  5 ponies
  4 fog clouds
  7 yellow lights
  4 shriekers
  3 violet fungi
 27 gnome leaders
 12 gnomish wizards
  7 kobold mummies
  4 gray oozes
  9 elf zombies
 12 ghouls
  a straw golem
  2 paper golems
  3 jellyfish
  a baby crocodile
 20 giant ants
  a little dog
 13 floating eyes
  3 kittens
 11 dwarves
  5 homunculi
  3 kobold leaders
  2 kobold shamans
 37 hill orcs
 10 rothes
  2 rabid rats
  5 centipedes
  2 giant bats
  2 monkeys
 11 orc zombies
 22 dwarf zombies
  7 wererats
  4 werejackals
 10 iguanas
 29 killer bees
  8 acid blobs
  6 coyotes
  3 gas spores
  4 hobbits
 10 manes
  3 large kobolds
 18 hobgoblins
  6 giant rats
 13 cave spiders
  3 yellow molds
  a green mold
 65 gnomes
  5 Keystone Kops
 92 garter snakes
 11 gnome zombies
  4 geckos
 14 jackals
  4 foxes
  4 kobolds
  6 goblins
  5 sewer rats
 14 grid bugs
  2 bats
 11 lichens
  9 kobold zombies
  7 newts
2046 creatures vanquished.

Genocided or extinct species:
 arch-liches
 krakens
 master liches
 demiliches
 master mind flayers
 Olog-hai
 disenchanters
 liches
 water trolls
 black puddings
 mind flayers
 ice trolls
 rock trolls
 erinyes (extinct)
 trolls
 sharks
 electric eels
 dwarf rulers
 green slimes
 soldiers (extinct)
 brown puddings
 rust monsters
 piranha
 giant eels
 dwarf leaders
 bugbears
 gray oozes
 jellyfish
 dwarves
 hobbits
28 species genocided.
2 species extinct.

Game over:
                       ----------
                      /          \
                     /    REST    \
                    /      IN      \
                   /     PEACE      \
                  /                  \
                  |    HenriqueII    |
                  |       0 Au       |
                  |   choked on a    |
                  |   quick snack    |
                  |                  |
                  |                  |
                  |       2026       |
                 *|     *  *  *      | *
        _________)/\\_//(\/(/\)/\//\/|_)_______

Goodbye HenriqueII the Archeologist...

You choked in Gehennom on dungeon level 49 with 1050578 points,
and 0 pieces of gold, after 51712 moves.
You were level 21 with a maximum of 247 hit points when you choked.

